 Dungeon Crawl Stone Soup version 0.31.0-1-g2c135a008e (webtiles) character file.

Game seed: 11307457249747982072

658 qw the Shooter (level 7, -6/52 HPs)
             Began as a Djinni Hunter on Jan 23, 2024.
             Was an Initiate of Okawaru.
             Mangled by a yak (9 damage)
             ... on level 5 of the Dungeon.
             The game lasted 00:00:19 (3969 turns).

qw the Shooter (Djinni Hunter)                      Turns: 3969, Time: 00:00:19

Health: -6/52      AC: 10    Str:  8    XL:     7   Next: 86%
Gold:   188        EV: 11    Int: 11    God:    Okawaru [......] SH:  5 Dex: 18

rFire   + + .        a - +1 shortbow
rCold   x . .        (shield currently unavailable)
rNeg    . . .        i - +0 ring mail
rPois   inf          b - +2 helmet
rElec   .            (no cloak)
rCorr   .            (no gloves)
SInv    .            (boots unavailable)
Will    .....        c - amulet of reflection
Stlth   +            (no ring)
HPRegen 0.28/turn    (no ring)
MPRegen 0.00/turn

%: reflection, infuse magic (-7 HP)
@: flying
A: sickness immunity, fire resistance 2, cold vulnerability 1, float, innate
caster, HP casting, extra vitality 1, iridescent scales 1, weak 1
a: Renounce Religion


You were on level 5 of the Dungeon.
You worshipped Okawaru.
Okawaru was noncommittal.
You visited 2 branches of the dungeon, and saw 6 of its levels.

You collected 303 gold pieces.
You spent 115 gold pieces at shops.


Innate Abilities, Weirdness & Mutations

You are immune to sickness and miasma.
You are immune to poison.
Your flesh is very heat resistant. (rF++)
You are vulnerable to cold. (rC-)
You float through the air rather than walking.
You learn spells naturally, not from books.
Your magical power is your life essence.
You have superior vitality. (+4 MHP)
You are partially covered in iridescent scales. (AC +2)
You are weak. (Str -2)


   Skills:
 - Level 4.0 Fighting
 - Level 6.4 Ranged Weapons
 + Level 1.2 Armour
 - Level 3.2 Dodging
 - Level 0.7 Stealth


You knew the following spells:

 Your Spells              Type           Power      Damage    Failure   Level
a - Necrotise             Necr           0%         1d4       71%         1
b - Static Discharge      Conj/Air       0%         3-3/arc   85%         2
c - Gell's Gravitas       Tloc           0%         N/A       97%         3
Your spell library was empty.

Inventory:

Hand Weapons
 a - a +1 shortbow (weapon)
Armour
 b - a +2 helmet (worn)
 i - a +0 ring mail (worn)
Jewellery
 c - an amulet of reflection (around neck)
Wands
 e - a wand of polymorph (6)
Potions
 d - a potion of enlightenment
 h - 2 potions of curing

Dungeon Overview and Level Annotations

Branches:
Dungeon (5/15)             Temple (1/1) D:4

Altars:
Cheibriados
Fedhas
Gozag
Hepliaklqana
Makhleb
Nemelex Xobeh
Okawaru
Qazlal
Ru
Trog
Uskayaw
Wu Jian
Yredelemnul

Shops:
D:2 ?   D:5 (


Message History

The yak gores you.
You shoot an arrow.
The arrow hits the yak but does no damage.
The yak is severely wounded.
The yak gores you but does no damage.
You shoot an arrow. The arrow hits the yak.
The yak is severely wounded.
The yak closely misses you. The yak gores you.
You shoot an arrow.
The arrow hits the yak but does no damage.
The yak is severely wounded.
The yak gores you but does no damage.
You shoot an arrow. The arrow completely misses the yak.
The arrow barely misses the yak.
The arrow hits the yak.
The yak is lightly wounded.
The yak gores you.
You shoot an arrow. The arrow hits the yak!
The yak is almost dead.
The yak gores you but does no damage.
You shoot an arrow.
The arrow hits the yak but does no damage.
The yak is almost dead.
The yak gores you but does no damage. You block the yak's attack.
You shoot an arrow. The arrow hits the yak.
The yak is almost dead.
The yak barely misses you.
You shoot an arrow. The arrow hits the yak.
You kill the yak!
Okawaru is honoured by your kill.
Your Ranged Weapons skill increases to level 6!
You shoot an arrow. The arrow hits the yak.
The yak is moderately wounded.
The yak gores you!
You shoot an arrow. The arrow hits the yak.
The yak is moderately wounded.
The yak gores you.
You shoot an arrow. The arrow hits the yak.
The yak is heavily wounded.
The yak gores you. The yak gores you!
You die...

######### # #.......# ##
#.......# #. #.......#
#### #.......########
##.#. #.......@YYY....
#_.'.
#########.......########
##.#?
:......)...##.#####
#####
.................>#
#.##?
##########.######.#
#.### ########
#.#......# #.###
.......# #.#.###..#
#.... .......#
#.#...#..# #.##:
.......###.###.#..#
#.###


You could see 3 yaks.

Vanquished Creatures
  A yak (D:5)
  2 scorpions
  A howler monkey (D:5)
  A hound (D:4)
  A sleepcap (D:5)
  3 iguanas
  2 orc wizards (D:4)
  3 gnolls (D:5)
  7 adders
  A dart slug (D:2)
  2 ribbon worms
  12 orcs
  10 ball pythons
  3 endoplasms
  A giant cockroach (D:3)
  2 goblins (D:4)
  4 hobgoblins
  3 jackals (D:1)
  4 quokkas
  6 bats
  4 frilled lizards
  6 kobolds
  7 rats
86 creatures vanquished.

Notes
Turn   | Place    | Note
-------+----------+-------------------------------------------
     0 | D:1      | qw the Djinni Hunter began the quest for the Orb.
     0 | D:1      | Reached XP level 1. HP: 18/18 MP: 0/0
     0 | D:1      | 0 ||| qw: Version: 0.3-a-136-gdd3b4e8
     0 | D:1      | 0 ||| qw: Game counter: 1101
     0 | D:1      | 0 ||| qw: Melee chars always use a shield: true
     0 | D:1      | 0 ||| qw: God list: Okawaru
     0 | D:1      | 0 ||| qw: Allow faded altars: false
     0 | D:1      | 0 ||| qw: Do Orc after clearing Dungeon:15 true
     0 | D:1      | 0 ||| qw: Do second Lair branch before Depths: true
     0 | D:1      | 0 ||| qw: Lair rune preference: random
     0 | D:1      | 0 ||| qw: Goals: Normal
     0 | D:1      | 0 ||| PLANNING D:1-11
   115 | D:1      | Reached XP level 2. HP: 23/23 MP: 0/0
   569 | D:1      | 569 ||| READING scroll labelled CAIRUITSAR.
   570 | D:1      | 570 ||| READING scroll labelled GIARHOTI VULEIF.
   571 | D:1      | 571 ||| DROPPING scroll of butterflies.
   712 | D:2      | 712 ||| STAIRDANCE
   790 | D:2      | Reached XP level 3. HP: 28/28 MP: 0/0
   790 | D:2      | Learned a level 1 spell: Necrotise
  1035 | D:2      | Reached skill level 4 in Ranged Weapons
  1189 | D:2      | Found Duaseif's Magic Scroll Shoppe.
  1197 | D:2      | 1197 ||| BUYING scroll of enchant weapon (75 gold).
  1197 | D:2      | Bought a scroll of enchant weapon for 75 gold pieces
  1197 | D:2      | 1197 ||| BUYING scroll of identify (20 gold).
  1197 | D:2      | Bought a scroll of identify for 20 gold pieces
  1197 | D:2      | 1197 ||| BUYING scroll of identify (20 gold).
  1197 | D:2      | Bought a scroll of identify for 20 gold pieces
  1197 | D:2      | 1197 ||| READING scroll of enchant weapon.
  1197 | D:2      | 1197 ||| ENCHANTING +0 shortbow.
  1308 | D:2      | 1308 ||| UPGRADING to +2 helmet.
  1313 | D:2      | 1313 ||| UPGRADING to +0 ring mail.
  1323 | D:2      | 1323 ||| DROPPING +0 leather armour.
  1324 | D:2      | 1324 ||| READING 3 scrolls of identify.
  1324 | D:2      | 1324 ||| IDENTIFYING sapphire potion
  1325 | D:2      | 1325 ||| READING 2 scrolls of identify.
  1325 | D:2      | 1325 ||| IDENTIFYING glowing puce potion
  1326 | D:2      | 1326 ||| READING scroll of identify.
  1326 | D:2      | 1326 ||| IDENTIFYING scroll labelled ZUSYF MO PAUKO
  1327 | D:2      | 1327 ||| READING scroll labelled DOASYNL SEIPRI.
  1328 | D:2      | 1328 ||| DROPPING scroll of fear.
  1501 | D:3      | Identified the +1 tower shield of the Merchant {Harm rElec
                  | rF+}
  1523 | D:3      | Reached skill level 1 in Armour
  1571 | D:3      | Reached XP level 4. HP: 30/34 MP: 0/0
  1810 | D:3      | Reached skill level 3 in Fighting
  2200 | D:3      | 2200 ||| READING 2 scrolls of identify.
  2200 | D:3      | 2200 ||| IDENTIFYING scroll labelled XESHRU GUCSEPLU
  2201 | D:3      | 2201 ||| DROPPING scroll of vulnerability.
  2252 | D:4      | Found a staircase to the Ecumenical Temple.
  2253 | D:4      | 2253 ||| PLANNING TEMPLE
  2276 | D:4      | 2276 ||| FLEEEEING.
  2306 | D:4      | Reached XP level 5. HP: 37/40 MP: 0/0
  2306 | D:4      | Learned a level 2 spell: Static Discharge
  2326 | Temple   | Entered the Ecumenical Temple
  2327 | Temple   | 2327 ||| PLANNING D:1-11
  2330 | D:4      | 2330 ||| DRINKING potion of curing.
  2330 | D:4      | 2330 ||| (to cure confusion)
  2780 | D:4      | Found a sacrificial altar of Ru.
  2793 | D:4      | Reached skill level 5 in Ranged Weapons
  2793 | D:4      | Reached XP level 6. HP: 46/46 MP: 0/0
  2877 | D:4      | Reached skill level 3 in Dodging
  3052 | D:4      | Found a blossoming altar of Fedhas.
  3081 | D:4      | Identified the +7 short sword "Arcanum" {antimagic, Str+2}
  3278 | D:4      | 3278 ||| UPGRADING to amulet of reflection.
  3283 | D:4      | 3283 ||| READING 3 scrolls of identify.
  3283 | D:4      | 3283 ||| IDENTIFYING fuming coppery potion
  3284 | D:4      | 3284 ||| DRINKING potion of mutation.
  3284 | D:4      | Gained mutation: You are weak. (Str -2) [potion of
                  | mutation]
  3284 | D:4      | Gained mutation: You are partially covered in iridescent
                  | scales. (AC +2) [potion of mutation]
  3303 | D:5      | Entered Level 5 of the Dungeon
  3312 | D:5      | Found a stormy altar of Qazlal.
  3360 | D:5      | Reached XP level 7. HP: 52/52 MP: 0/0
  3360 | D:5      | Learned a level 3 spell: Gell's Gravitas
  3366 | D:5      | Found Obridinaats's Weapon Shoppe.
  3853 | D:5      | Found a hide-covered altar of Uskayaw.
  3857 | D:5      | Found an iron altar of Okawaru.
  3858 | D:5      | 3858 ||| PLANNING OKAWARU WORSHIP
  3858 | D:5      | 3858 ||| READING 3 scrolls of identify.
  3858 | D:5      | 3858 ||| IDENTIFYING viscous purple potion
  3859 | D:5      | 3859 ||| READING 2 scrolls of identify.
  3859 | D:5      | 3859 ||| IDENTIFYING glowing red potion
  3860 | D:5      | 3860 ||| READING scroll of identify.
  3860 | D:5      | 3860 ||| IDENTIFYING scroll labelled SYSIHU GARI
  3861 | D:5      | 3861 ||| DROPPING potion of degeneration.
  3862 | D:5      | 3862 ||| DROPPING potion of attraction.
  3863 | D:5      | 3863 ||| DROPPING scroll of immolation.
  3868 | D:5      | Became a worshipper of Warmaster Okawaru
  3869 | D:5      | 3869 ||| PLANNING D:1-11
  3873 | D:5      | Found a burning altar of Makhleb.
  3948 | D:5      | Noticed a yak
  3949 | D:5      | Noticed a yak
  3949 | D:5      | Noticed a yak
  3950 | D:5      | 3950 ||| RETREEEEATING.
  3950 | D:5      | Noticed a yak
  3966 | D:5      | Killed a yak
  3967 | D:5      | Reached skill level 6 in Ranged Weapons
  3967 | D:5      | HP: 13/52 [yak (7)]
  3969 | D:5      | HP: 3/52 [yak (6)]
  3969 | D:5      | Mangled by a yak

Levels and vault maps discovered:
D:1:      minmay_arrival_up_and_down, layout_rooms, dk_noncrumbling_4
D:2:      layout_basic, serial_shops, nicolae_shop_advertising_works
          [nicolae_subvault_shop_adworks], kennysheep_generic_room_8
D:3:      layout_basic, serial_aquarium, aquarium_bridge_long_separate
          [aquarium_subvault_wall, aquarium_subvault_bridge,
          aquarium_subvault_bridge, aquarium_subvault_wall,
          aquarium_subvault_wall, aquarium_subvault_bridge],
          aquarium_bridge_island_small [aquarium_subvault_small_open,
          aquarium_subvault_balcony, aquarium_subvault_wall,
          aquarium_subvault_bridge, aquarium_subvault_window],
          aquarium_window_corner, aquarium_window_corner, aquarium_view_2c,
          aquarium_pool_2
D:4:      layout_loops_corners, mainiacjoe_overflow_concentric_impassable,
          mainiacjoe_overflow_brackets, minmay_temple_entry_gardened_gates
D:5:      layout_basic, grunt_qazlal_clouds, mainiacjoe_overflow_alcove_1,
          grunt_temple_overflow_diamond, serial_shops, shop
Temple:   nicolae_temple_ecumenical_triangle

Skill      XL: |  1  2  3  4  5  6  7 |
---------------+----------------------+-----
Ranged Weapons | 4 5 6 |  6.4
Armour         | 1 |  1.2
Fighting       | 3 4 |  4.0
Dodging        | 3 |  3.2
Stealth        | |  0.7

Action                     |  1- 3 |  4- 6 |  7- 9 || total
---------------------------+-------+-------+-------++-------
   Fire: Shortbow          |    94 |   187 |    49 ||   330
    Use: Scroll            |     7 |     2 |     3 ||    12
         Potion            |       |     2 |       ||     2
 Armour: Leather armour    |    19 |       |       ||    19
         Ring mail         |    15 |    87 |    23 ||   125
  Dodge: Dodged            |    41 |    52 |    10 ||   103
  Block: Other             |       |     3 |     4 ||     7

Table legend:
 A = Non-vault XP
 B = Vault XP
 C = Vault XP percentage of total XP
 D = Non-vault monster count
 E = Vault monster count
 F = Vault count percentage of total count
                 A         B        C        D         E       F
            +---------+---------+-------+---------+---------+-------
      Total |     941 |       0 |   0.0 |      86 |       0 |   0.0
            +---------+---------+-------+---------+---------+-------
        D:1 |      21 |       0 |   0.0 |      13 |       0 |   0.0
        D:2 |      21 |       0 |   0.0 |      11 |       0 |   0.0
        D:3 |      82 |       0 |   0.0 |      22 |       0 |   0.0
        D:4 |     291 |       0 |   0.0 |      28 |       0 |   0.0
        D:5 |     526 |       0 |   0.0 |      12 |       0 |   0.0
            +---------+---------+-------+---------+---------+-------
